 Dungeon Crawl Stone Soup version 0.26.1-11-gd32895ea62 (webtiles) character file.

Game seed: 548732004543170654

97 mankey1987 the Ducker (level 4, 0/44 HPs)
             Began as an Ogre Gladiator on May 28, 2021.
             Was an Initiate of Gozag.
             Slain by an adder (2 damage)
             ... on level 2 of the Dungeon.
             The game lasted 00:03:46 (3075 turns).

mankey1987 the Ducker (Ogre Gladiator)              Turns: 3075, Time: 00:03:47

Health: 0/44       AC:  3    Str: 20    XL:     4   Next: 68%
Magic:  4/4        EV:  8    Int:  9    God:    Gozag
Gold:   119        SH:  7    Dex: 11    Spells: 3/3 levels left

rFire    + . .     SeeInvis .   a - +0 flail
rCold    + . .     Faith    .   j - +0 kite shield
rNeg     . . .     Spirit   .   b - +0 robe
rPois    +         Reflect  .   (helmet restricted)
rElec    +         Harm     .   (no cloak)
rCorr    +         Rampage  .   (gloves unavailable)
Will     .....                  (boots unavailable)
Stlth    +.........             (no amulet)
HPRegen  0.14/turn              (no ring)
MPRegen  0.09/turn              (no ring)

@: lethally poisoned (0 -> -4), resistant
A: large, unfitting armour, horns 1, talons 2, strong 1, tough skin 1
a: Renounce Religion, Potion Petition, Call Merchant, Bribe Branch


You were on level 2 of the Dungeon.
You worshipped Gozag.
Gozag was aware of your devotion.
You visited 1 branch of the dungeon, and saw 3 of its levels.

You collected 119 gold pieces.

Inventory:

Hand Weapons
 a - a +0 flail (weapon)
Missiles
 d - 3 throwing nets (quivered)
Armour
 b - a +0 robe (worn)
 j - a +0 kite shield (worn)
Jewellery
 q - an uncursed amulet of guardian spirit {unknown}
Scrolls
 e - a scroll of random uselessness {unknown}
 f - 3 scrolls of blinking {unknown}
 g - a scroll of immolation {unknown}
 h - a scroll of enchant armour {unknown}
 i - 3 scrolls of teleportation {unknown}
 k - a scroll of identify {unknown}
 n - a scroll of remove curse {unknown}
 o - a scroll of amnesia {unknown}
 s - a scroll of noise {unknown}
Potions
 m - a potion of lignification {unknown}
 p - a potion of brilliance {unknown}
 r - a potion of flight


   Skills:
 - Level 2.6 Fighting
 + Level 3.5 Maces & Flails
 - Level 2.0 Throwing
 * Level 4.2 Dodging


You had 3 spell levels left.
You didn't know any spells.
Your spell library was empty.

Dungeon Overview and Level Annotations

Branches:
Dungeon (3/15)

Altars:
Gozag


Innate Abilities, Weirdness & Mutations

You are too large for most types of armour.
You have tough skin. (AC +1)
You have a pair of small horns on your head.
You have razor-sharp toenails.
Your muscles are strong. (Str +2)


Message History

You barely miss the adder.
The adder is moderately wounded.
You feel sick. The adder bites you.
* * * LOW HITPOINT WARNING * * *
You miss the adder. Your kick misses the adder.
The adder is moderately wounded.
You feel sick. The adder bites you but does no damage. The adder bites you.
* * * LOW HITPOINT WARNING * * *
You miss the adder. You claw the adder. Your headbutt misses the adder.
The adder is heavily wounded.
* * * LOW HITPOINT WARNING * * *
You feel sick. The adder bites you.
* * * LOW HITPOINT WARNING * * *
You block the adder's attack.
It was a potion of resistance.
You feel protected.
* * * LOW HITPOINT WARNING * * *
You feel sick. The adder bites you.
You die...
Your body crumbles into a pile of gold.

#.....#.#.....#...
###.....#.#######.##
#.'.....#...........
#.#.....#########.##
#.#.(.(((.[.........
#.#.#.######.##.#.##
#.#.#...........#.##
##'#......###.#..#.<#
#...@.....'..........
#....S....########..#
#...................#
#..........########.#
##.#................#
#.#######..........#
#.# #..............#
#.# #.###...........
#.# #.###...........


You could see an adder.

Vanquished Creatures
  3 adders (D:2)
  3 worms
  5 leopard geckos
  A giant cockroach (D:2)
  3 goblins
  8 hobgoblins
  4 jackals (D:2)
  12 bats
  4 frilled lizards
  8 kobolds
  6 rats
57 creatures vanquished.

Notes
Turn   | Place    | Note
-------+----------+-------------------------------------------
     0 | D:1      | mankey1987 the Ogre Gladiator began the quest for the Orb.
     0 | D:1      | Reached XP level 1. HP: 22/22 MP: 1/1
   322 | D:1      | Reached skill level 3 in Dodging
   396 | D:1      | Reached XP level 2. HP: 29/29 MP: 2/2
  1313 | D:2      | Reached XP level 3. HP: 35/36 MP: 3/3
  1866 | D:2      | Reached XP level 4. HP: 44/44 MP: 4/4
  1960 | D:2      | Reached skill level 4 in Dodging
  1989 | D:2      | Gained mutation: You are partially covered in slimy green
                  | scales. (AC +2) [potion of mutation]
  1989 | D:2      | Gained mutation: You have sharp toenails. [potion of
                  | mutation]
  1989 | D:2      | Gained mutation: Your skin changes colour to match your
                  | surroundings (Stealth+). [potion of mutation]
  1989 | D:2      | Gained mutation: You are robust. (+10% HP) [potion of
                  | mutation]
  2224 | D:2      | Lost mutation: You are robust. (+10% HP) [potion of
                  | mutation]
  2224 | D:2      | Lost mutation: Your skin changes colour to match your
                  | surroundings (Stealth+). [potion of mutation]
  2224 | D:2      | Lost mutation: You are partially covered in slimy green
                  | scales. (AC +2) [potion of mutation]
  2224 | D:2      | Gained mutation: You have a pair of small horns on your
                  | head. [potion of mutation]
  2224 | D:2      | Gained mutation: You have razor-sharp toenails. [potion of
                  | mutation]
  2224 | D:2      | Gained mutation: Your muscles are strong. (Str +2) [potion
                  | of mutation]
  2719 | D:3      | Found a faded altar of an unknown god.
  2734 | D:3      | Became a worshipper of Gozag Ym Sagoz the Greedy
  3075 | D:2      | HP: 2/44 [poisoned by an adder]
  3075 | D:2      | Slain by an adder

Illustrated notes

Levels and vault maps discovered:
D:1:      eino_arrival_druids_welcome, layout_basic
D:2:      layout_basic
D:3:      layout_basic, chequers_ecumenical_altar_simple

Skill      XL: |  1  2  3  4 |
---------------+-------------+-----
Dodging        | 3 4 |  4.2
Maces & Flails | 3 |  3.5
Fighting       | |  2.6
Throwing       | |  2.0

Action                   |  1- 3 |  4- 6 || total
-------------------------+-------+-------++-------
Melee: Flail             |   137 |    68 ||   205
       Kick              |       |     6 ||     6
       Headbutt          |       |     6 ||     6
  Use: Potion            |       |     8 ||     8
Armor: Robe              |    55 |    31 ||    86
Dodge: Dodged            |    84 |    32 ||   116
Block: Kite shield       |    46 |    36 ||    82
